 Dungeon Crawl Stone Soup version 0.30.1-11-g7821555f0a (webtiles) character file.

Game seed: 11970437546429231636

3822 Cheops the Impaler (level 10, -8/82 HPs)
             Began as a Merfolk Gladiator on Nov 20, 2023.
             Shot with an arrow by a centaur (10 damage)
             ... on level 8 of the Dungeon on Nov 21, 2023.
             The game lasted 00:15:50 (6193 turns).

Cheops the Impaler (Merfolk Gladiator)              Turns: 6193, Time: 00:15:50

Health: -8/82      AC:  9    Str: 17    XL:     10   Next: 17%
Magic:  10/10      EV: 13    Int: 12    God:
Gold:   123        SH:  5    Dex: 17    Spells: 9/9 levels left

rFire   + . .        a - +2 halberd (flame)
rCold   . . .        (shield currently unavailable)
rNeg    . . .        D - +0 acid dragon scales
rPois   .            c - +0 helmet
rElec   .            y - +0 cloak
rCorr   +            (no gloves)
SInv    .            r - +0 pair of boots
Will    .....        k - amulet of the Magpie {Reflect +Inv Int+2 Dex+2 SH+5}
Stlth   +            u - ring of protection from fire
HPRegen 0.33/turn    (no ring)
MPRegen 0.12/turn

%: reflection
@: no status effects
A: (nimble swimmer 2), mertail
a: Evoke Invisibility


You were on level 8 of the Dungeon.
You visited 1 branch of the dungeon, and saw 8 of its levels.

You collected 375 gold pieces.
You spent 252 gold pieces at shops.

Inventory:

Hand Weapons
 a - a +2 halberd of flaming (weapon)
 b - a +1 scythe of protection
 p - a +3 halberd
Missiles
 d - 3 throwing nets (quivered)
 e - 5 javelins
Armour
 c - a +0 helmet (worn)
 r - a +0 pair of boots (worn)
 w - a +2 robe of cold resistance
 y - a +0 cloak (worn)
 D - +0 acid dragon scales (worn)
Jewellery
 k - the amulet of the Magpie (around neck) {Reflect +Inv Int+2 Dex+2 SH+5}
   (You acquired it on level 6 of the Dungeon)

   [amulet of reflection]

   It reflects blocked missile attacks.
   Int:       It affects your intelligence (+2).
   Dex:       It affects your dexterity (+2).
   +Inv:      It lets you turn invisible.
   SH:        It affects your SH (+5).
 q - a ring of ice
 u - a ring of protection from fire (left hand)
Wands
 m - a wand of charming (20)
 x - a wand of flame (26)
Scrolls
 i - 3 scrolls of teleportation
 j - a scroll of fog
 l - 2 scrolls of blinking
 t - 2 scrolls of immolation
 z - a scroll of fear
 B - a scroll of vulnerability
 C - a scroll of identify
 E - a scroll of amnesia
Potions
 f - 6 potions of curing
 g - a potion of invisibility
 h - 3 potions of brilliance {unknown}
 n - 2 potions of might {unknown}
 o - 2 potions of ambrosia {unknown}
 s - a potion of cancellation
 v - 2 potions of heal wounds
 A - 2 potions of haste


   Skills:
 + Level 8.6 Fighting
 - Level 16.0 Polearms
 - Level 2.0 Throwing
 - Level 4.0 Dodging


You had 9 spell levels left.
You didn't know any spells.
Your spell library contained the following spells:

 Spells                   Type           Power      Damage    Failure   Level
 Magic Dart               Conj           0%         1d3       41%         1
 Summon Small Mammal      Summ           0%         N/A       41%         1
 Call Imp                 Summ           0%         N/A       56%         2
 Lesser Beckoning         Tloc           0%         N/A       56%         2
 Call Canine Familiar     Summ           0%         N/A       80%         3
 Gell's Gravitas          Tloc           0%         N/A       80%         3
 Mephitic Cloud           Conj/Pois/Air  0%         N/A       80%         3
 Portal Projectile        Hex/Tloc       0%         N/A       80%         3
 Summon Guardian Golem    Hex/Summ       0%         N/A       80%         3
 Teleport Other           Tloc           0%         N/A       80%         3
 Tukima's Dance           Hex            0%         N/A       80%         3
 Volatile Blastmotes      Fire/Tloc      0%         2d10      80%         3
 Fulminant Prism          Conj/Hex       0%         3d5       99%         4
 Iskenderun's Mystic Bla  Conj/Tloc      0%         2d3       99%         4
 Blade Hands              Tmut           0%         N/A       100%        5
 Lee's Rapid Deconstruct  Erth           0%         3d4*      100%        5


Dungeon Overview and Level Annotations

Branches:
Dungeon (8/15)             Temple (0/1) D:4
   Lair: D:8-11

Altars:
Elyvilon
Fedhas
Hepliaklqana
Sif Muna

Shops:
D:5 !


Innate Abilities, Weirdness & Mutations

((You are very nimble when in or above water. (Stealth+, EV+, Speed+++)))
Your lower body shifts to a powerful aquatic tail in water.


Message History

The wight hits you with a +2 hand axe.
You hit the wight. You burn the wight.
The wight is almost destroyed.
The wight hits you with a +2 hand axe.
You feel drained.
You impale the wight!! You burn the wight.
You destroy the wight!
Your life force feels restored.
The wight hits you with a +2 long sword!
Items here: )) [[.
You slice the wight!! You burn the wight.
You destroy the wight!
Things that are here:
a +2 long sword; a +0 robe A centaur comes into view.
The centaur shouts!
The centaur wields a +0 shortbow.
The centaur shoots an arrow.
The arrow barely misses you.
The centaur shoots an arrow.
You block the arrow with an invisible shield... and reflect it back!
The arrow hits the centaur!
The centaur shoots an arrow.
The arrow hits you.
* * * LOW HITPOINT WARNING * * *
The centaur shoots an arrow.
The arrow hits you.
* * * LOW HITPOINT WARNING * * *
The centaur shoots an arrow.
The arrow hits you!
* * * LOW HITPOINT WARNING * * *
The centaur shoots an arrow.
The arrow closely misses you.
Found 15 gold pieces.
The centaur shoots an arrow.
The arrow hits you.
* * * LOW HITPOINT WARNING * * *
The centaur shoots an arrow.
The arrow hits you!
* * * LOW HITPOINT WARNING * * *
The centaur shoots an arrow.
The arrow misses you.
The centaur shoots an arrow.
The arrow hits you.
* * * LOW HITPOINT WARNING * * *
The centaur shoots an arrow.
The arrow hits you!
* * * LOW HITPOINT WARNING * * *
The centaur shoots an arrow.
The arrow hits you!
* * * LOW HITPOINT WARNING * * *
The centaur shoots an arrow.
The arrow hits you!
You die...

......... .........
#..........
.........#####..........
........................
.........#...#$.........
.........#...#..........
.........#...#..........
..#### #...............
#.# #.......@..c.... #.#
#............... #.#
#......#.#.....# #.##
#..............# #..#
##......?.....## ...###
#...........## #..).#
#...........# .#.#.##
#......###### #.#
.##.))## #####.## #.#


You could see a centaur.

Vanquished Creatures
  Pikel (D:6)
  Maggie (D:6)
  Sigmund (D:2)
  2 wyverns (D:8)
  Menkaure (D:7)
  A water moccasin (D:6)
  2 sky beasts (D:7)
  A black bear (D:4)
  An orc warrior (D:6)
  An ice beast (D:7)
  2 ogres
  2 centaurs
  2 phantoms
  A kobold brigand (D:8)
  2 bullfrogs
  4 scorpions
  8 wights
  3 hounds
  Crazy Yiuf (D:7)
  2 gnoll boudas (D:7)
  5 sleepcaps
  3 iguanas (D:5)
  2 orc wizards
  10 gnolls
  7 adders
  A shadow imp (D:8)
  An ufetubus (D:7)
  A worm (D:6)
  A dart slug (D:1)
  An orc (D:6)
  8 endoplasms
  A giant cockroach (D:3)
  2 hobgoblins
  6 jackals
  2 quokkas
  7 ball pythons
  6 bats
  7 frilled lizards
  8 goblins
  7 kobolds
  7 rats
132 creatures vanquished.

Notes
Turn   | Place    | Note
-------+----------+-------------------------------------------
     0 | D:1      | Cheops the Merfolk Gladiator began the quest for the Orb.
     0 | D:1      | Reached XP level 1. HP: 16/16 MP: 1/1
   271 | D:1      | Reached XP level 2. HP: 22/22 MP: 2/2
   386 | D:1      | Reached skill level 5 in Polearms
   794 | D:2      | Noticed Sigmund
   959 | D:2      | Reached XP level 3. HP: 22/27 MP: 3/3
  1119 | D:3      | Reached skill level 6 in Polearms
  1218 | D:3      | Reached XP level 4. HP: 33/33 MP: 4/4
  1455 | D:3      | Noticed a scorpion
  1456 | D:3      | Reached skill level 7 in Polearms
  1507 | D:3      | Killed a scorpion
  1508 | D:3      | Reached XP level 5. HP: 35/38 MP: 5/5
  1891 | D:3      | Found a shimmering blue altar of Sif Muna.
  2134 | D:4      | Noticed a black bear
  2152 | D:4      | Killed a black bear
  2153 | D:4      | Reached skill level 8 in Polearms
  2153 | D:4      | Reached XP level 6. HP: 33/44 MP: 6/6
  2239 | D:4      | Found a staircase to the Ecumenical Temple.
  2337 | D:4      | Found a white marble altar of Elyvilon.
  2812 | D:2      | Killed Sigmund
  2813 | D:2      | Reached skill level 9 in Polearms
  3173 | D:5      | Entered Level 5 of the Dungeon
  3217 | D:5      | Reached skill level 10 in Polearms
  3217 | D:5      | Reached XP level 7. HP: 45/50 MP: 7/7
  3444 | D:5      | Reached skill level 11 in Polearms
  3656 | D:5      | Reached skill level 12 in Polearms
  3656 | D:5      | Reached XP level 8. HP: 47/56 MP: 8/8
  3789 | D:5      | Found Fehathre's Distillery.
  3831 | D:5      | Bought a potion of heal wounds for 70 gold pieces
  3831 | D:5      | Bought a potion of curing for 42 gold pieces
  3831 | D:5      | Bought a potion of haste for 140 gold pieces
  3964 | D:6      | Identified a scroll of acquirement
  4074 | D:6      | Acquired the amulet of the Magpie {Reflect +Inv Int+2 Dex+2
                  | SH+5}
  4133 | D:6      | Reached skill level 13 in Polearms
  4270 | D:6      | Reached skill level 14 in Polearms
  4421 | D:6      | Noticed Maggie
  4436 | D:6      | Killed Maggie
  4437 | D:6      | Reached skill level 15 in Polearms
  4437 | D:6      | Reached XP level 9. HP: 13/61 MP: 9/9
  5084 | D:7      | Noticed Pikel
  5093 | D:6      | Killed Pikel
  5094 | D:6      | Reached skill level 16 in Polearms
  5138 | D:7      | Noticed Menkaure
  5276 | D:7      | Killed Menkaure
  5553 | D:7      | Reached skill level 5 in Fighting
  5809 | D:7      | Found a runed translucent door.
  5810 | D:7      | Noticed Crazy Yiuf
  5885 | D:7      | Found a hazy altar of Hepliaklqana.
  5954 | D:7      | Killed Crazy Yiuf
  6018 | D:8      | Reached XP level 10. HP: 79/79 MP: 10/10
  6108 | D:8      | Found a blossoming altar of Fedhas.
  6193 | D:8      | HP: 2/82 [centaur/arrow (9)]
  6193 | D:8      | Shot with an arrow by a centaur

Illustrated notes

Levels and vault maps discovered:
D:1:      wheals_arrival_linesprint, layout_basic
D:2:      layout_loops_ring, uniq_sigmund
D:3:      layout_basic, lemuel_blue_sif_altar, grunt_decor_junction
D:4:      layout_basic, elyvilon_altar_4, minmay_temple_entry_enclosed_plants
D:5:      layout_loops_ring, serial_shops, shop
D:6:      layout_basic, gup_sewer_entry_spiral, uniq_maggie
D:7:      layout_basic, mainiacjoe_overflow_alcove_1, uniq_pikel, uniq_menkaure,
          uniq_crazy_yiuf_cottage
D:8:      hellmonk_ruined_rings, layout_basic, mainiacjoe_overflow_tiny_flanked

Skill      XL: |  1  2  3  4  5  6  7  8  9 10 |
---------------+-------------------------------+-----
Polearms       | 5 6 7 8 10 12 15 16 | 16.0
Fighting       | 7 8 |  8.6
Throwing       | |  2.0
Dodging        | |  4.0

Action                     |  1- 3 |  4- 6 |  7- 9 | 10-12 || total
---------------------------+-------+-------+-------+-------++-------
  Melee: Trident           |    87 |   125 |       |       ||   212
         Punch             |     1 |     1 |       |       ||     2
         Halberd           |       |     7 |   216 |    22 ||   245
    Use: Scroll            |       |       |    13 |       ||    13
   Stab: Sleeping          |     1 |     3 |     2 |       ||     6
         Distracted        |       |     1 |       |       ||     1
 Armour: Leather armour    |    27 |    28 |    20 |       ||    75
         Acid dragon scale |       |       |    21 |     2 ||    23
  Dodge: Dodged            |    58 |    83 |    81 |    10 ||   232
  Block: Other             |       |       |    14 |     6 ||    20
         Reflection        |       |       |     4 |     1 ||     5
